 Dungeon Crawl Stone Soup version 0.23.1 (webtiles) character file.

Game seed: 12387107411887454102

408 LostNumber the Skirmisher (level 6, -3/67 HPs)
             Began as an Ogre Chaos Knight on Mar 14, 2019.
             Was a Plaything of Xom.
             Slain by an iguana (12 damage)
             ... on level 4 of the Dungeon.
             The game lasted 00:08:14 (4513 turns).

LostNumber the Skirmisher (Ogre Chaos Knight)       Turns: 4513, Time: 00:08:15

Health: -3/67      AC:  5    Str: 19    XL:     6   Next: 88%
Magic:  6/6        EV: 11    Int: 13    God:    Xom [..*...]
Gold:   199        SH:  0    Dex:  8    Spells: 5/5 levels left

rFire    . . .     SeeInvis .   y - +2 rapier (freeze)
rCold    . . .     Gourm    .   (no shield)
rNeg     . . .     Faith    .   b - +2 robe
rPois    .         Spirit   .   (helmet restricted)
rElec    .         Reflect  .   (no cloak)
rCorr    .         Harm     .   (gloves unavailable)
MR       .....                  (boots unavailable)
Stlth    +.........             (no amulet)
HPRegen  0.21/turn              (no ring)
MPRegen  0.10/turn              (no ring)

@: no status effects
A: large, unfitting armour, tough skin 1
a: Renounce Religion


You were on level 4 of the Dungeon.
You worshipped Xom.
You were a toy of Xom.
You were not hungry.

You visited 1 branch of the dungeon, and saw 4 of its levels.
You also visited: Ossuary.

You collected 199 gold pieces.

Inventory:

Hand Weapons
 a - a +0 spear of chaos
 d - a +0 spear
   (You found it on level 1 of the Dungeon)
 j - a +1 dagger of venom
   (You took it off a goblin on level 2 of the Dungeon)
 y - a +2 rapier of freezing (weapon)
   (You found it on level 4 of the Dungeon)
Armour
 b - a +2 robe (worn)
Jewellery
 z - a cursed amulet of inaccuracy {unknown}
   (You found it on level 4 of the Dungeon)
Scrolls
 f - 8 scrolls of identify {unknown}
 i - a scroll of enchant armour {unknown}
 l - a scroll of fear {unknown}
 n - a scroll of immolation {unknown}
 o - 4 scrolls of remove curse {unknown}
 p - a scroll of fog {unknown}
 q - a scroll of amnesia {unknown}
 r - 3 scrolls of teleportation {unknown}
 s - a scroll of enchant weapon {unknown}
 u - a scroll of random uselessness {unknown}
 w - a scroll of noise {unknown}
 B - a scroll of magic mapping {unknown}
Potions
 c - 5 potions of curing {unknown}
 g - a potion of might {unknown}
 h - 2 potions of berserk rage {unknown}
 k - 2 potions of lignification {unknown}
 m - 2 potions of haste {unknown}
 t - 2 potions of mutation {unknown}
 v - a potion of resistance {unknown}
 x - 2 potions of flight {unknown}
Comestibles
 e - 4 rations {!d}
 A - 3 chunks of flesh


   Skills:
 + Level 6.3 Fighting
 * Level 0.8 Short Blades
 + Level 5.1 Polearms
 + Level 3.9 Dodging


You had 5 spell levels left.
You didn't know any spells.
Your spell library contained the following spells:

 Spells                   Type           Power        Failure   Level  Hunger
 Animate Skeleton         Necr           N/A          30%         1    ##.....
 Apportation              Tloc           #.....       30%         1    ##.....
 Confusing Touch          Hex            #.....       30%         1    ##.....
 Summon Small Mammal      Summ           #...         30%         1    ##.....


Dungeon Overview and Level Annotations

Branches:
Dungeon (4/15)
 Temple: D:4-7

Altars:
Dithmenos


Innate Abilities, Weirdness & Mutations

You are too large for most types of armour.
You have tough skin. (AC +1)


Message History

An iguana comes into view.
The iguana hisses angrily.
There is an open door here.
An iguana is nearby!
Found a stone staircase leading up.
The iguana bites you but does no damage.
You closely miss the iguana. The iguana closely misses you.
You hit the iguana. You freeze the iguana. The iguana bites you.
You puncture the iguana!
The iguana seems to slow down.
You freeze the iguana.
You kill the iguana!
No target in view!
No target in view!
You butcher the iguana corpse.
A - 3 chunks of flesh You see here an iguana skeleton. x2
r - 3 scrolls labeled ONELYERUSE (gained 1)
m - 2 metallic black potions (gained 1)
f - 8 scrolls labeled OGUIJUOJEPT (gained 1)
You open the door.
Found a scroll labeled XOWAUD OXTEAN. "Just a minor improvement..."
A door bursts open, and another door slams shut!
There is an open door here.
Found 17 gold pieces.
B - a scroll labeled XOWAUD OXTEAN You now have 199 gold pieces (gained 17).
Found 23 stones.
An iguana comes into view.
The iguana hisses angrily.
An iguana is nearby!
The iguana barely misses you.
Found a scroll labeled ONELYERUSE.
You hit the iguana. You freeze the iguana. The iguana bites you!
You closely miss the iguana. The iguana bites you! x2
You hit the iguana but do no damage. The iguana completely misses you.
You hit the iguana but do no damage.
Xom guffaws.
The iguana barely misses you.
You closely miss the iguana. The iguana bites you!
* * * LOW HITPOINT WARNING * * *
You closely miss the iguana. The iguana bites you!
* * * LOW HITPOINT WARNING * * *
Unknown command.
You closely miss the iguana. The iguana closely misses you.
Unknown command.
You puncture the iguana!
The iguana seems to slow down.
You freeze the iguana. The iguana bites you!
* * * LOW HITPOINT WARNING * * *
You hit the iguana but do no damage. The iguana bites you!
You die...

#.# ###### #.# .....#
#.# .###.# #.#########
.# #.###.#.......#
.###.##....#####.#
.....#.....# #@#
##.####....##.bbl..b...#
#............##b###.?.#
########.#.#####.# ##
..# #.#.## #.# #.#
##+#.. ..# #.# ##...###
### #.# ##.....##
#.###.......##


You could see an iguana.

Vanquished Creatures
  A centaur zombie (Ossuary)
  A bullfrog zombie (D:4)
  A hound (D:4)
  An orc wizard (D:3)
  An iguana (D:4)
  Natasha (D:2)
  A big kobold zombie (Ossuary)
  2 mummies (Ossuary)
  Robin (D:2)
  3 gnolls
  2 adders
  A leopard gecko (D:3)
  6 orcs (D:3)
  3 ball pythons
  2 giant cockroaches
  11 goblins
  8 hobgoblins
  9 jackals
  10 kobolds
  3 quokkas (D:3)
  5 bats
  3 frilled lizards (D:2)
  5 goblin zombies (Ossuary)
  10 hobgoblin zombies (Ossuary)
  3 jackal zombies (Ossuary)
  8 kobold zombies (Ossuary)
  A leopard gecko skeleton (D:4)
  8 orc zombies (Ossuary)
  8 rats
  A rat zombie (Ossuary)
120 creatures vanquished.

Vanquished Creatures (collateral kills)
  An orc priest (D:3)
  A gnoll (D:3)
2 creatures vanquished.

Grand Total: 122 creatures vanquished

Notes
Turn   | Place    | Note
-------+----------+-------------------------------------------
     0 | D:1      | LostNumber the Ogre Chaos Knight began the quest for the
                  | Orb.
     0 | D:1      | Reached XP level 1. HP: 24/24 MP: 1/1
   244 | D:1      | XOM: harmless Summ miscast
   447 | D:1      | Reached XP level 2. HP: 32/32 MP: 2/2
   469 | D:1      | XOM: silly message
   729 | D:1      | XOM: divination: detect creatures
   902 | D:1      | XOM: harmless Erth miscast
   925 | D:1      | XOM: smoke on damage
   930 | D:1      | Reached XP level 3. HP: 9/40 MP: 3/3
  1260 | D:2      | Noticed Robin
  1325 | D:2      | XOM: mild Summ miscast
  1565 | D:2      | Killed Robin
  1701 | D:2      | Reached XP level 4. HP: 49/49 MP: 4/4
  1914 | D:2      | XOM is BORED!
  1914 | D:2      | XOM: noise
  2058 | D:2      | Noticed Natasha
  2064 | D:2      | Killed Natasha
  2187 | D:2      | Noticed a phantom
  2212 | D:2      | XOM: divination: magic mapping
  2299 | D:3      | Reached skill level 5 in Fighting
  2303 | D:3      | Found a shadowy altar of Dithmenos.
  2646 | D:3      | XOM: cast spell 'Call Canine Familiar'
  2650 | D:3      | XOM: harmless Fire miscast
  2654 | D:3      | Reached XP level 5. HP: 33/57 MP: 5/5
  2752 | D:3      | XOM: noise
  2792 | D:3      | XOM: divination: detect creatures
  2798 | D:3      | XOM: cast spell 'Shadow Creatures'
  2809 | D:3      | XOM: cast spell 'Alistair's Intoxication'
  3046 | D:3      | XOM: harmless Air miscast
  3473 | D:3      | XOM: god gift: 8 gold pieces
  3706 | D:4      | Found a sand-covered staircase.
  3727 | Ossuary  | Entered an ossuary
  3739 | Ossuary  | Reached XP level 6. HP: 67/67 MP: 6/6
  3816 | Ossuary  | XOM: harmless Erth miscast
  3926 | Ossuary  | XOM: potion effect (berserk rage)
  4028 | Ossuary  | Reached skill level 6 in Fighting
  4040 | Ossuary  | XOM: mild Summ miscast
  4050 | Ossuary  | Reached skill level 5 in Polearms
  4362 | D:4      | XOM: harmless Conj miscast
  4397 | D:4      | XOM: scenery: 1 doors open, 1 doors close
  4508 | D:4      | XOM: cast spell 'Summon Butterflies'
  4513 | D:4      | Slain by an iguana

Skill      XL: |  1  2  3  4  5  6 |
---------------+-------------------+-----
Polearms       | 4 5 |  5.1
Fighting       | 5 6 |  6.3
Dodging        | 3 |  3.9
Short Blades   | |  0.8

Action                   |  1- 3 |  4- 6 || total
-------------------------+-------+-------++-------
Melee: Spear             |    71 |   165 ||   236
       Dagger            |    48 |   130 ||   178
       Rapier            |       |    18 ||    18
 Stab: Distracted        |       |     1 ||     1
  Eat: Chunk             |     3 |     6 ||     9
       Ration            |       |     1 ||     1
Armor: Robe              |    37 |    94 ||   131
Dodge: Dodged            |    54 |   139 ||   193
